 Dungeon Crawl Stone Soup version 0.29.1-15-g9cfb28693d (webtiles) character file.

Game seed: 5897585176505113145

3801 croobank the Sneak (level 9, -3/71 (73) HPs)
             Began as a Demigod Fire Elementalist on Mar 25, 2023.
             Slain by a troll (5 damage)
             ... on level 7 of the Dungeon.
             The game lasted 00:16:59 (9006 turns).

croobank the Sneak (Demigod Fire Elementalist)      Turns: 9006, Time: 00:16:59

HP:   -3/71 (73)    AC:  9    Str: 13    XL:     9   Next: 64%
MP:   15/20         EV: 29    Int: 29    God:
Gold: 251           SH:  0    Dex: 16    Spells: 11/18 levels left

rFire   + . .      SeeInvis .   y - +8 war axe of the Lamprey {elec, Str+4 Dex+2}
rCold   . . .      Faith    .   (no shield)
rNeg    + . .      Spirit   .   q - +2 robe {rN+}
rPois   .          Reflect  .   t - +2 helmet
rElec   .          Harm     .   (no cloak)
rCorr   .          Rampage  .   g - +1 pair of gloves
Will    .....                   (no boots)
Stlth   +++.......              v - amulet of the acrobat
HPRegen 0.21/turn               r - ring of protection from fire
MPRegen 0.17/turn               (no ring)

@: acrobatic, lightly drained
A: high MP 1, forlorn, divine attributes
a: no special abilities


You were on level 7 of the Dungeon.
You visited 1 branch of the dungeon, and saw 7 of its levels.

You collected 347 gold pieces.
You spent 96 gold pieces at shops.

Inventory:

Hand Weapons
 a - a +2 dagger of draining
 b - a +0 dagger of venom
 y - the +8 war axe of the Lamprey (weapon) {elec, Str+4 Dex+2}
   (You took it off a gnoll on level 6 of the Dungeon)

   It occasionally discharges a powerful burst of electricity upon striking a
   foe.
   Str:       It affects your strength (+4).
   Dex:       It affects your dexterity (+2).
 B - a +2 whip of freezing
Missiles
 u - 3 javelins
 x - 9 poisoned darts
Armour
 g - a +1 pair of gloves (worn)
 q - a +2 robe of positive energy (worn)
 t - a +2 helmet (worn)
 z - the +1 pair of gloves of Unreason {*Corrode rF+ Int+6 Slay+2}
   (You found it on level 6 of the Dungeon)

   Int:       It affects your intelligence (+6).
   Slay:      It affects your accuracy & damage with ranged weapons and melee
   (+2).
   rF:        It protects you from fire.
   *Corrode:  It may corrode you when you take damage.
Magical Staves
 n - a staff of death
Jewellery
 r - a ring of protection from fire (left hand)
 v - an amulet of the acrobat (around neck)
Wands
 l - a wand of flame (43)
Scrolls
 d - a scroll of immolation
 m - a scroll of summoning
 o - a scroll of identify
 s - 2 scrolls of teleportation
 A - a scroll of vulnerability
Potions
 c - 2 potions of haste
 e - 2 potions of flight {unknown}
 f - 4 potions of heal wounds
 h - 6 potions of curing
 i - 3 potions of lignification
 j - a potion of might
 k - 2 potions of mutation
 p - a potion of degeneration {unknown}
 w - 3 potions of attraction {unknown}


   Skills:
 + Level 4.8 Fighting
 + Level 5.5 Dodging
 + Level 6.2 Stealth
 + Level 5.1 Spellcasting
 + Level 5.4 Conjurations
 + Level 6.1 Fire Magic


You had 11 spell levels left.
You knew the following spells:

 Your Spells              Type           Power      Damage    Failure   Level
a - Foxfire               Conj/Fire      100%       2x1d9     1%          1
b - Scorch                Fire           86%        2d9       1%          2
c - Flame Wave            Conj/Fire      41%        2d11      5%          4

Your spell library contained the following spells:

 Spells                   Type           Power      Damage    Failure   Level
 Conjure Flame            Conj/Fire      41%        6-21      1%          3
 Inner Flame              Hex/Fire       25%        N/A       5%          3
 Sticky Flame             Conj/Fire      41%        2d6       5%          4
 Sandblast                Erth           14%        2d6       6%          1
 Stone Arrow              Conj/Erth      46%        3d9       6%          3
 Ignite Poison            Fire/Tmut/Pois 19%        N/A       8%          3
 Ensorcelled Hibernation  Hex/Ice        14%        N/A       10%         2
 Passwall                 Tmut/Erth      5%         N/A       10%         2
 Swiftness                Air            7%         N/A       19%         3
 Cause Fear               Hex            3%         N/A       52%         4
 Discord                  Hex            3%         N/A       100%        8


Dungeon Overview and Level Annotations

Branches:
Dungeon (7/15)             Temple (0/1) D:4

Shops:
D:4 !   D:5 (


Innate Abilities, Weirdness & Mutations

You have an increased reservoir of magic. (+10% MP)
You shall have no god before yourself.
Your divine heritage dramatically boosts your attributes as you level up.


Message History

You kill the orc wizard!
You hit the troll. Lightning courses through the troll! You hit the iguana.
The centaur misses you. x2; The iguana barely misses you.
The troll closely misses you. The troll claws you but does no damage.
The troll barely misses you. The iguana bites you!
The centaur barely misses you.
The centaur kicks you but does no damage.
The troll bites you. The troll claws you but does no damage.
The troll claws you.
You are too injured to fight recklessly!
You are too injured to fight recklessly!
Casting: Scorch (safe; 1% risk of failure)
Confirm with . or Enter, or press ? or * to list all spells.
Casting: Flame Wave (dangerous; 6% risk of failure)
Press: ? - help, Dir - look around, f - activate A wave of flame ripples out!
The tree burns like a torch!
The flame wave engulfs the iguana!
The iguana is almost dead.
The flame wave engulfs the troll!
The troll is severely wounded.
The flame wave engulfs the centaur!
You kill the centaur! (Press . to intensify the flame waves.)
You hear a croak.
You hear a shout! x2; You hear an angry growl.
The iguana bites you!
An orc comes into view. It is wielding a +0 trident.
The troll bites you!
* * * LOW HITPOINT WARNING * * *
The troll claws you but does no damage. The troll barely misses you.
The forest fire spreads!
A wave of flame ripples out!
The flame wave engulfs the iguana!!
You kill the iguana!
The flame wave engulfs the troll!
The troll is almost dead.
The tree burns like a torch!
The orc shouts!
You hear an angry buzzing noise.
The troll bites you!
* * * LOW HITPOINT WARNING * * *
The troll claws you.
You die...

#♣♣.♣♣ ♣≈♣ ♣♣.~♣♣ ♣≈♣#.♣.♣.#....
#♣...♣♣♣≈♣♣♣♣~~≈~♣♣♣≈♣♣..♣..#....
........~P♣P~♣P~♣♣♣.)..........##
#♣...♣♣♣P~♣~P♣~P♣♣♣~)♣♣..♣..#.##
#♣♣.♣♣ ♣♣♣~♣♣♣.~~~~♣♣♣#.♣.♣.#.# #
### ### ♣.♣#### #######.# #
♣.§§§§♣ ### ♣♣♣♣♣♣.§§§§♣♣
♣......T@)..♣ ♣...o..†))..♣
♣!.'#####'..♣ ♣. #..♣ # ♣ ..♣ #
.... # .♣♣# # .♣


You could see a troll and an orc.

Vanquished Creatures
  A two-headed ogre (D:5)
  Pikel (D:7)
  Prince Ribbit (D:5)
  Sigmund (D:2)
  Eustachio (D:5)
  A water moccasin (D:6)
  An ice beast (D:7)
  A sky beast (D:6)
  A black bear (D:6)
  2 ogres (D:4)
  3 lemures (D:7)
  3 phantoms (D:6)
  3 centaurs (D:7)
  2 necrophages
  2 scorpions
  A howler monkey (D:4)
  3 jellies
  4 hounds
  6 orc priests
  Jessica (D:2)
  6 iguanas
  Terence (D:2)
  6 orc wizards
  A mummy (D:5)
  7 gnolls
  7 adders
  2 white imps (D:7)
  2 worms (D:4)
  3 dart slugs
  15 orcs
  11 ball pythons
  2 endoplasms
  7 giant cockroaches
  9 goblins
  10 hobgoblins
  8 jackals
  2 quokkas
  2 bats
  A frilled lizard (D:3)
  4 kobolds
  5 rats
150 creatures vanquished.

Vanquished Creatures (others)
  273 foxfires
  2 plants (D:7)
275 creatures vanquished.

Grand Total: 425 creatures vanquished

Notes
Turn   | Place    | Note
-------+----------+-------------------------------------------
     0 | D:1      | croobank the Demigod Fire Elementalist began the quest for
                  | the Orb.
     0 | D:1      | Reached XP level 1. HP: 14/14 MP: 5/5
   243 | D:1      | Reached skill level 1 in Conjurations
   692 | D:1      | Reached XP level 2. HP: 20/20 MP: 4/7
  1691 | D:2      | Learned a level 2 spell: Scorch
  1787 | D:2      | Noticed Sigmund
  1794 | D:2      | Killed Sigmund
  1795 | D:2      | Reached XP level 3. HP: 26/26 MP: 0/9
  1795 | D:2      | Reached XP level 4. HP: 33/33 MP: 0/10
  1795 | D:2      | Reached XP level 5. HP: 38/38 MP: 0/11
  1980 | D:2      | Noticed Jessica
  1987 | D:2      | Killed Jessica
  2093 | D:2      | Noticed Terence
  2099 | D:2      | Killed Terence
  2934 | D:3      | Reached XP level 6. HP: 11/46 MP: 11/13
  3816 | D:4      | Reached skill level 1 in Fighting
  4413 | D:4      | Found a staircase to the Ecumenical Temple.
  4544 | D:4      | Reached XP level 7. HP: 53/53 MP: 9/14
  4594 | D:4      | Found Zarelut's Distillery.
  4603 | D:4      | Bought a potion of curing for 36 gold pieces
  4603 | D:4      | Bought a potion of heal wounds for 60 gold pieces
  5351 | D:4      | Learned a level 4 spell: Flame Wave
  5371 | D:5      | Entered Level 5 of the Dungeon
  5371 | D:5      | Noticed a two-headed ogre
  5379 | D:5      | Killed a two-headed ogre
  5380 | D:5      | Reached XP level 8. HP: 63/63 MP: 6/17
  5838 | D:5      | Noticed Prince Ribbit
  5848 | D:5      | Killed Prince Ribbit
  5849 | D:5      | Reached skill level 5 in Fire Magic
  5876 | D:5      | Noticed Eustachio
  5904 | D:5      | Killed Eustachio
  5905 | D:5      | Reached skill level 5 in Stealth
  6405 | D:5      | Found Gyumo's Antique Weapon Emporium.
  6878 | D:6      | Identified the +8 war axe of the Lamprey {elec, Str+4
                  | Dex+2}
  7092 | D:6      | Identified the +1 pair of gloves of Unreason {*Corrode rF+
                  | Int+6 Slay+2}
  7415 | D:6      | Reached XP level 9. HP: 71/71 MP: 12/19
  7879 | D:6      | Reached skill level 5 in Dodging
  8384 | D:7      | Noticed Pikel
  8390 | D:7      | Reached skill level 5 in Conjurations
  8394 | D:7      | Killed Pikel
  8395 | D:7      | Reached skill level 5 in Spellcasting
  9006 | D:7      | HP: 2/71 [troll (12)]
  9006 | D:7      | Slain by a troll

Illustrated notes

Levels and vault maps discovered:
D:1:      elethiomel_arrival_maze, layout_basic,
          shapermc_ecumenical_altar_mp_vishouse
D:2:      layout_loops_ring, uniq_terence, uniq_jessica, uniq_sigmund
D:3:      layout_loops_cross, minmay_unequal
D:4:      minmay_chambers_of_threes, layout_gridville,
          mainiacjoe_overflow_concentric_impassable,
          mainiacjoe_overflow_catwalk, mainiacjoe_overflow_24_doors,
          old_standard_altar, minmay_temple_entry_butterflies, serial_shops,
          nicolae_stop_n_shop_1, minmay_misc_feat_cross
D:5:      layout_cave_pools, chei_slow_surprise, elyvilon_altar_3, serial_shops,
          shop, nicolae_elevator_lobby_asterisk, uniq_eustachio,
          uniq_prince_ribbit1
D:6:      layout_basic, lemuel_tele_altar, serial_glass, glass_columns_b,
          glass_columns_c, minmay_misc_feat_hallway
D:7:      nzn_winding_woodlands_large [nzn_winding_woodlands_5x5_default,
          nzn_winding_woodlands_5x15_jagged,
          nzn_winding_woodlands_5x5_perimeter,
          nzn_winding_woodlands_center_pierced_h,
          nzn_winding_woodlands_15x15_killbox,
          nzn_winding_woodlands_center_diamonds,
          nzn_winding_woodlands_5x5_default,
          nzn_winding_woodlands_5x15_lazy_stream,
          nzn_winding_woodlands_hourglass], layout_layer_cave, uniq_pikel

Skill      XL: |  1  2  3  4  5  6  7  8  9 |
---------------+----------------------------+-----
Conjurations   | 1 2 3 4 5 |  5.4
Stealth        | 2 3 4 5 6 |  6.2
Dodging        | 2 3 4 5 |  5.5
Spellcasting   | 2 3 4 5 |  5.1
Fire Magic     | 3 4 5 6 |  6.1
Fighting       | 1 3 4 |  4.8

Action                   |  1- 3 |  4- 6 |  7- 9 || total
-------------------------+-------+-------+-------++-------
Melee: Unarmed           |     5 |       |       ||     5
       Dagger            |    12 |    41 |    59 ||   112
       Punch             |       |     3 |     5 ||     8
       War axe           |       |       |    37 ||    37
 Cast: Foxfire           |    62 |    48 |    45 ||   155
       Scorch            |     3 |    39 |    93 ||   135
       Flame Wave        |       |       |     1 ||     1
  Use: Potion            |       |     1 |       ||     1
       Scroll            |       |     8 |     6 ||    14
 Stab: Sleeping          |       |     5 |     1 ||     6
Armor: Robe              |    16 |    15 |    90 ||   121
Dodge: Dodged            |    37 |    36 |   148 ||   221
